 Dungeon Crawl Stone Soup version 0.30-a0-613-gdd512c7efb (webtiles) character file.

Game seed: 6001204584715738407

30783 avis the Nimble (level 12, -5/110 HPs)
             Began as a Demigod Ice Elementalist on Jan 8, 2023.
             Killed by divine providence
             ... invoked by Saint Roka
              (13 damage)
             ... on level 1 of the Orcish Mines.
             The game lasted 02:20:36 (20382 turns).

avis the Nimble (Demigod Ice Elementalist)         Turns: 20382, Time: 02:20:37

Health: -5/110     AC: 23    Str:  9    XL:     12   Next: 93%
Magic:  5/20       EV: 25    Int: 17    God:
Gold:   1229       SH:  5    Dex: 30    Spells: 8/17 levels left

rFire   + . .      SeeInvis .    b - +10 shortbow "Foridgh Kiucs" {freeze, rN+}
rCold   + . .      Faith    .    (shield currently unavailable)
rNeg    + + .      Spirit   .    j - +5 steam dragon scales
rPois   +          Reflect  +    B - +2 helmet
rElec   .          Harm     .    o - scarf {rC+ rF+}
rCorr   .          Rampage  .    D - +2 pair of gloves {infuse}
Will    +....                    p - +0 pair of boots
Stlth   +++                      K - amulet of reflection
HPRegen 0.38/turn                W - ring of positive energy
MPRegen 0.17/turn                M - ring of poison resistance

@: ice-armoured, on blink cooldown, hasted, very quick
A: high MP 1, forlorn, divine attributes
a: no special abilities


You were on level 1 of the Orcish Mines.
You visited 4 branches of the dungeon, and saw 17 of its levels.

You collected 2589 gold pieces.
You spent 1360 gold pieces at shops.

Inventory:

Hand Weapons
 a - a +4 falchion of protection
 b - the +10 shortbow "Foridgh Kiucs" (weapon) {freeze, rN+}
   (You bought it in a shop on level 3 of the Dungeon)

   rN:        It protects you from negative energy.
 c - a +2 falchion of flaming
 d - a +1 morningstar of pain
 r - a +0 whip of venom
 v - a +0 short sword of venom
 w - a +3 vampiric falchion
 J - a +4 demon trident of venom
 P - a +2 glaive of venom
Missiles
 h - a boomerang of dispersal
 t - 2 boomerangs
 C - a throwing net
 L - 4 javelins
Armour
 j - +5 steam dragon scales (worn)
 o - a scarf of resistance (worn)
 p - a +0 pair of boots (worn)
 B - a +2 helmet (worn)
 D - a +2 pair of gloves of infusion (worn)
 R - a +0 plate armour of willpower
Jewellery
 A - a ring of flight
 K - an amulet of reflection (around neck)
 M - a ring of poison resistance (right hand)
 W - a ring of positive energy (left hand)
Wands
 y - a wand of charming (7)
 z - a wand of flame (33)
 E - a wand of polymorph (36)
 N - a wand of digging (5)
Scrolls
 l - 4 scrolls of teleportation
 m - 6 scrolls of magic mapping
 n - 2 scrolls of fog {unknown}
 q - 3 scrolls of brand weapon {unknown}
 s - 3 scrolls of vulnerability {unknown}
 u - 2 scrolls of poison {unknown}
 G - a scroll of blinking
 H - 2 scrolls of fear
 I - 3 scrolls of immolation {unknown}
 Q - a scroll of butterflies
Potions
 e - 4 potions of attraction
 g - a potion of resistance
 i - 4 potions of lignification
 k - 2 potions of curing
 F - 3 potions of might
 O - a potion of berserk rage
 S - a potion of invisibility
 V - 2 potions of cancellation
Miscellaneous
 x - a phantom mirror


   Skills:
 - Level 11.0 Fighting
 * Level 7.1 Long Blades
 - Level 10.0 Ranged Weapons
 - Level 12.0 Dodging
 - Level 2.0 Stealth
 - Level 3.0 Spellcasting
 - Level 2.0 Translocations
 - Level 6.0 Ice Magic


You had 8 spell levels left.
You knew the following spells:

 Your Spells              Type           Power      Damage    Failure   Level
a - Freeze                Ice            88%        1d9       1%          1
b - Blink                 Tloc           18%        N/A       12%         2
o - Ozocubu's Armour      Ice            22%        N/A       4%          3
r - Frozen Ramparts       Ice            44%        1d7       4%          3

Your spell library contained the following spells:

 Spells                   Type           Power      Damage    Failure   Level
 Foxfire                  Conj/Fire      8%         2x1d4     17%         1
 Slow                     Hex            8%         N/A       17%         1
 Momentum Strike          Conj/Tloc      10%        3d8       17%         2
 Lesser Beckoning         Tloc           18%        N/A       22%         3
 Cigotuvi's Dreadful Rot  Necr/Pois/Air  4%         N/A       26%         2
 Poisonous Vapours        Pois/Air       4%         N/A       26%         2
 Portal Projectile        Hex/Tloc       10%        N/A       34%         3
 Confusing Touch          Hex            2%         N/A       45%         3
 Dazzling Flash           Conj/Hex       4%         N/A       45%         3
 Ignite Poison            Fire/Tmut/Pois 2%         N/A       45%         3
 Mephitic Cloud           Conj/Pois/Air  2%         N/A       45%         3
 Tukima's Dance           Hex            2%         N/A       45%         3
 Vampiric Draining        Necr           2%         2d6       45%         3
 Summon Ice Beast         Ice/Summ       12%        N/A       45%         4
 Dispel Undead            Necr           2%         3d7       86%         4
 Sticky Flame             Conj/Fire      2%         2d3       86%         4
 Agony                    Necr           2%         N/A       99%         5
 Alistair's Intoxication  Tmut/Pois      1%         N/A       99%         5
 Blade Hands              Tmut           1%         N/A       99%         5
 Borgnjor's Vile Clutch   Necr/Erth      1%         N/A       99%         5
 Silence                  Hex/Air        1%         N/A       99%         5
 Death Channel            Necr           1%         N/A       100%        6
 Eringya's Noxious Bog    Tmut/Pois      1%         N/A       100%        6
 Ignition                 Fire           1%         3d3       100%        8


Dungeon Overview and Level Annotations

Branches:
Dungeon (10/15)            Temple (1/1) D:6            Lair (4/5) D:8
 Shoals (0/4) Lair:2        Snake (0/4) Lair:3        Slime (0/5) Lair:4
    Orc (2/2) D:10            Elf (0/3) Orc:2

Shops:
D:3 :([   D:4 [?   D:8 (   D:10 =

Annotations:
Orc:1 Saint Roka


Innate Abilities, Weirdness & Mutations

You have an increased reservoir of magic. (+10% MP)
You shall have no god before yourself.
Your divine heritage dramatically boosts your attributes as you level up.


Message History

You shoot an arrow.
The arrow hits Saint Roka but does no damage.
Fire: b) +10 shortbow "Foridgh Kiucs" {freeze, rN+}
Press: ? - help, Q - select action, (/) - cycle Shift-Dir - straight line, f/p - Saint Roka
Aim: Saint Roka, wielding a +3 heavy battleaxe and wearing a +4 chain mail of cold resistance (82% to hit)
You shoot an arrow. The arrow barely misses Saint Roka.
Saint Roka mumbles some strange prayers to Beogh against you.
Beogh smites you!
* * * LOW HITPOINT WARNING * * *
You feel better.
Aiming: Polymorph
Press: ? - help, Shift-Dir - straight line, f/p - Saint Roka
Aim: Saint Roka, wielding a +3 heavy battleaxe and wearing a +4 chain mail of cold resistance (will become a caustic shrike, an iron dragon, or an iron troll, chance to affect: 7%) Saint Roka resists with almost no effort.
Your magical contamination has completely faded away.
Aiming: Charm
Press: ? - help, Shift-Dir - straight line, f/p - Saint Roka
Aim: Saint Roka, wielding a +3 heavy battleaxe and wearing a +4 chain mail of cold resistance (chance to affect: 7%)
Okay, then.
Okay, then.
Fire: b) +10 shortbow "Foridgh Kiucs" {freeze, rN+}
Press: ? - help, Q - select action, (/) - cycle Shift-Dir - straight line, f/p - Saint Roka
Aim: Saint Roka, wielding a +3 heavy battleaxe and wearing a +4 chain mail of cold resistance (82% to hit)
You shoot an arrow. The arrow hits Saint Roka.
Saint Roka is lightly wounded.
Fire: b) +10 shortbow "Foridgh Kiucs" {freeze, rN+}
Press: ? - help, Q - select action, (/) - cycle Shift-Dir - straight line, f/p - Saint Roka
Aim: Saint Roka, wielding a +3 heavy battleaxe and wearing a +4 chain mail of cold resistance (lightly wounded, 82% to hit)
You shoot an arrow. The arrow hits Saint Roka!
The arrow freezes Saint Roka.
Saint Roka is lightly wounded.
Saint Roka mumbles some strange prayers to Beogh against you.
Beogh smites you!
* * * LOW HITPOINT WARNING * * *
You feel better.
Casting: Blink (safe; 12% risk of failure)
Confirm with . or Enter, or press ? or * to list all spells.
A film of ice covers your body!
Saint Roka invokes the aid of Beogh against you.
Beogh smites you!
You die...

...#.....#.##
...#....######
......####...#
##....###[>..##
#..####..[[..##
#######...#.o.###
##.#..##.....##
#....##.......#
###....#....@##
###..#....##
#......###
###...## #...#
##.## ###


You could see Saint Roka.

Vanquished Creatures
  Snorg (Lair:4)
  A hydra (Lair:3)
  3 catoblepae
  An orc high priest (Orc:2)
  Urug (Orc:2)
  A lindwurm (Lair:3)
  Pikel (D:8)
  2 orc knights
  3 orc sorcerers
  An ugly thing (D:8)
  A merfolk siren (Lair:2)
  Maurice (D:8)
  3 black mambas
  Joseph (D:8)
  Maggie (D:6)
  3 rime drakes (Lair:1)
  6 cane toads
  A kobold demonologist (D:9)
  4 komodo dragons
  4 trolls
  A hornet (Lair:4)
  Grinder (D:6)
  7 blink frogs
  4 polar bears
  4 dream sheep (Lair:3)
  A shadow (D:10)
  17 yaks
  2 wyverns (Lair:1)
  3 basilisks
  Eustachio (D:6)
  A steam dragon (D:7)
  A warg (Orc:2)
  3 nagas (Lair:3)
  Duvessa (D:6)
  7 water moccasins
  A black bear (D:6)
  23 orc warriors
  A swamp drake (D:10)
  An ice beast (D:7)
  2 centaurs
  2 lemures (D:8)
  An ogre (Orc:1)
  2 wolves (D:8)
  2 phantoms
  3 kobold brigands
  Blork the orc (D:4)
  7 bullfrogs
  3 necrophages
  A gnoll sergeant (D:7)
  9 scorpions
  8 wights
  Dowan (D:6)
  28 killer bees
  6 electric eels (D:8)
  A howler monkey (D:7)
  8 hounds
  8 orc priests
  2 gnoll boudas (D:5)
  A jelly (D:5)
  9 iguanas
  29 orc wizards
  14 gnolls
  22 adders
  A white imp (D:6)
  3 ufetubi
  5 dart slugs
  2 worms
  48 orcs
  13 endoplasms
  5 giant cockroaches
  9 hobgoblins
  10 jackals
  20 kobolds
  7 quokkas
  15 ball pythons
  3 bats
  2 frilled lizards (D:3)
  6 goblins
  5 rats
444 creatures vanquished.

Vanquished Creatures (others)
  2 orc wizards (D:3)
  An orc (D:10)
  14 fungi
  63 plants
80 creatures vanquished.

Grand Total: 524 creatures vanquished

Notes
Turn   | Place    | Note
-------+----------+-------------------------------------------
     0 | D:1      | avis the Demigod Ice Elementalist began the quest for the
                  | Orb.
     0 | D:1      | Reached XP level 1. HP: 14/14 MP: 5/5
   515 | D:1      | Reached XP level 2. HP: 20/20 MP: 5/7
  1136 | D:1      | Reached skill level 1 in Fighting
  1136 | D:1      | Reached XP level 3. HP: 17/28 MP: 5/9
  1237 | D:2      | Learned a level 3 spell: Frozen Ramparts
  1241 | D:2      | Learned a level 3 spell: Ozocubu's Armour
  1862 | D:2      | Reached XP level 4. HP: 36/36 MP: 7/11
  2147 | D:2      | Learned a level 2 spell: Blink
  2650 | D:3      | Found Nasha's Book Emporium.
  2690 | D:3      | Found Ysuax's Antique Weapon Boutique.
  2810 | D:4      | You fall into a shaft and drop 1 floor!
  2810 | D:5      | Entered Level 5 of the Dungeon
  3028 | D:3      | Reached skill level 2 in Dodging
  3197 | D:3      | Reached XP level 5. HP: 45/45 MP: 5/12
  3663 | D:3      | Found Xusosm's Antique Armour Shop.
  3946 | D:4      | Identified the +1 scale mail "Cemmew" {*Slow Int+2 Slay+2}
  4037 | D:4      | Reached skill level 5 in Ice Magic
  4108 | D:4      | Reached XP level 6. HP: 33/51 MP: 2/13
  4114 | D:4      | Found Nexum's Armour Emporium.
  4173 | D:3      | Bought an ancient shortbow for 184 gold pieces
  4173 | D:3      | Identified the +10 shortbow "Foridgh Kiucs" {freeze, rN+}
                  | (You bought it in a shop on level 3 of the Dungeon)
  4359 | D:4      | Reached skill level 1 in Ranged Weapons
  4538 | D:4      | Found Coso's Magic Scroll Emporium.
  4762 | D:4      | Noticed Blork the orc
  4765 | D:4      | Killed Blork the orc
  4911 | D:4      | Bought a scroll of identify for 26 gold pieces
  5094 | D:5      | Reached XP level 7. HP: 59/59 MP: 7/14
  5449 | D:5      | Reached skill level 5 in Ranged Weapons
  5800 | D:5      | Reached XP level 8. HP: 66/66 MP: 11/15
  6382 | D:6      | Noticed Grinder
  6388 | D:6      | Noticed Dowan
  6542 | D:6      | Noticed Maggie
  6557 | D:6      | Killed Maggie
  6620 | D:6      | Killed Dowan
  6810 | D:6      | Paralysed by Grinder for 2 turns
  6822 | D:6      | Paralysed by Grinder for 5 turns
  6827 | D:6      | Killed Grinder
  6901 | D:6      | Reached skill level 5 in Fighting
  7174 | D:6      | Reached skill level 3 in Dodging
  7324 | D:6      | Noticed Eustachio
  7330 | D:6      | Killed Eustachio
  7331 | D:6      | Reached skill level 4 in Dodging
  7433 | D:6      | Found a staircase to the Ecumenical Temple.
  7460 | D:6      | Reached XP level 9. HP: 74/74 MP: 12/16
  7690 | D:6      | Noticed Duvessa
  7699 | D:6      | Killed Duvessa
  7891 | Temple   | Entered the Ecumenical Temple
  7989 | D:3      | Bought a shadowed robe for 125 gold pieces
  7989 | D:3      | Identified the +0 robe "Afuegrec" {-Cast rPois rN++ Str+2}
                  | (You bought it in a shop on level 3 of the Dungeon)
  8157 | D:7      | Reached skill level 5 in Dodging
  8161 | D:7      | Reached skill level 1 in Long Blades
  9094 | D:4      | Bought a scroll of magic mapping for 97 gold pieces
  9317 | D:8      | Found Nabrufry's Weapon Emporium.
  9379 | D:8      | Reached skill level 5 in Long Blades
  9613 | D:8      | Noticed Maurice
  9621 | D:8      | Killed Maurice
  9874 | D:8      | Noticed Pikel
  9880 | D:8      | Killed Pikel
  9881 | D:8      | Reached XP level 10. HP: 84/84 MP: 10/17
 10007 | D:8      | Noticed a red ugly thing
 10021 | D:8      | Killed a red ugly thing
 10186 | D:8      | Noticed Joseph
 10208 | D:8      | Killed Joseph
 10559 | D:8      | Reached skill level 6 in Dodging
 10677 | D:8      | Found a staircase to the Lair.
 11053 | D:8      | Reached skill level 7 in Dodging
 11153 | Lair:1   | Entered Level 1 of the Lair of Beasts
 11183 | Lair:1   | Noticed a catoblepas
 11189 | Lair:1   | Killed a catoblepas
 11266 | Lair:1   | Reached skill level 8 in Dodging
 11267 | Lair:1   | HP: 1/88 [rime drake/icy flash freeze (22)]
 11656 | Lair:1   | Noticed a catoblepas
 11673 | Lair:1   | Killed a catoblepas
 11674 | Lair:1   | Reached XP level 11. HP: 93/97 MP: 14/19
 11744 | Lair:1   | Identified the +11 mace of Innocence {drain, SInv}
 12473 | Lair:1   | Upgraded the game from 0.30-a0-605-gb2882149bf to
                  | 0.30-a0-613-gdd512c7efb
 12624 | Lair:1   | Reached skill level 10 in Fighting
 12624 | Lair:1   | Reached skill level 1 in Translocations
 12794 | Lair:2   | Found a staircase to the Shoals.
 12922 | Lair:2   | Reached skill level 9 in Dodging
 13793 | Lair:3   | Noticed a lindwurm
 13799 | Lair:3   | Killed a lindwurm
 13886 | Lair:3   | Reached skill level 10 in Dodging
 14101 | Lair:3   | Noticed an eight-headed hydra
 14113 | Lair:3   | Killed an eight-headed hydra
 14564 | Lair:3   | Found a staircase to the Snake Pit.
 14718 | Lair:4   | Noticed a catoblepas
 14731 | Lair:3   | Killed a catoblepas
 14765 | Lair:4   | Reached XP level 12. HP: 106/106 MP: 16/20
 14888 | Lair:4   | Noticed Snorg
 14923 | Lair:4   | HP: 3/106 [Snorg (14)]
 14923 | Lair:4   | HP: 1/106 [Snorg (1)]
 14936 | Lair:4   | Killed Snorg
 15258 | Lair:4   | Found a staircase to the Slime Pits.
 15438 | Lair:4   | Reached skill level 10 in Ranged Weapons
 15565 | Lair:4   | Identified the +2 glaive of Jihoem {speed, rF- rC++ Str+2
                  | Int+2}
 16005 | Lair:1   | Identified a scroll of acquirement
 16007 | Lair:1   | Acquired 736 gold pieces
 16147 | D:4      | Bought 3 scrolls of enchant armour for 292 gold pieces
 16147 | D:4      | Bought a scroll of enchant armour for 97 gold pieces
 16147 | D:4      | Bought a scroll of amnesia for 52 gold pieces
 16147 | D:4      | Bought 2 scrolls of identify for 52 gold pieces
 16147 | D:4      | Bought a scroll of identify for 26 gold pieces
 16147 | D:4      | Bought a scroll of magic mapping for 97 gold pieces
 16284 | D:8      | Bought a +3 vampiric falchion for 312 gold pieces
 17275 | D:10     | Entered Level 10 of the Dungeon
 17663 | D:10     | Found Gane's Jewellery Shoppe.
 17737 | D:10     | Found a staircase to the Orcish Mines.
 17938 | D:10     | Acquired 288 gold pieces
 18347 | D:10     | Reached skill level 11 in Dodging
 18770 | Orc:1    | Entered Level 1 of the Orcish Mines
 19363 | Orc:2    | Entered Level 2 of the Orcish Mines
 19750 | Orc:2    | Got Sif Muna's Folio of Calefaction
 19885 | Orc:2    | Found a staircase to the Elven Halls.
 19985 | Orc:2    | Noticed Urug
 20008 | Orc:2    | Killed Urug
 20009 | Orc:2    | Reached skill level 12 in Dodging
 20324 | Orc:2    | Noticed Saint Roka
 20380 | Orc:1    | HP: 3/110 [Saint Roka/divine providence (11)]
 20382 | Orc:1    | Killed from afar by Saint Roka

Illustrated notes

Levels and vault maps discovered:
D:1:      lightli_arrival_statue_moat, layout_basic, minmay_stone_trees_small
D:2:      layout_loops_ring
D:3:      layout_rooms, nicolae_overflow_hidden_temple, serial_shops,
          nicolae_square_shop, shop_fountains, shop, serial_curves,
          eino_curves_02, eino_curves_02
D:4:      minmay_door_path, layout_loops_ring, serial_shops,
          nicolae_inconvenience_store, nicolae_square_shop, st_stairs_2,
          ldierk_geyser, uniq_blork_the_orc
D:5:      layout_loops_cross, xom_confusion_cloud, bloody_trog
D:6:      layout_loops_ring, grunt_gozag_breadcrumbs,
          minmay_temple_entry_purple_smoke, uniq_duvessa, uniq_maggie,
          uniq_grinder, uniq_eustachio
D:7:      layout_basic, nzn_wu_jian_contemplation
D:8:      layout_loops_cross, erik_lair_island, serial_shops,
          nicolae_shop_hallway_stairs, serial_bayou, serial_bayou_shore_b,
          serial_bayou_ford_a, serial_bayou_pond_d, uniq_joseph, uniq_pikel,
          uniq_maurice
D:9:      layout_gridville, nemelex_diamond_rough_becter, serial_glass,
          glass_columns_b, glass_columns_c
D:10:     layout_cave_pools, mainiacjoe_overflow_chevrons, zin_statuary,
          mainiacjoe_overflow_brackets, erik_orc_1, serial_shops, shop,
          serial_co_window_serial, co_window_paths_b,
          co_window_of_opportunity_a, co_window_paths_a, co_window_paths_b,
          co_window_paths_b, co_window_paths_a, co_window_paths_a,
          co_window_cross_4, co_window_paths_c, co_window_corner_b,
          co_window_paths_e, co_window_sun, glass_columns_a, glass_columns_a,
          glass_columns_b, glass_columns_b, glass_columns_b
Temple:   nicolae_temple_bog_church
Lair:1:   layout_gridlike, nicolae_quartered_pool_impasse,
          nicolae_lair_grove_arrangements, infiniplex_staircase_pool,
          grunt_megastairs_5
Lair:2:   layout_misc_corridors, minmay_shoals_entry_lonely_mermaid,
          lemuel_fruit_tree
Lair:3:   layout_loops_ring, nicolae_snake_entry_squirm, grunt_megastairs_2
Lair:4:   minmay_lair_venomous_thicket, layout_hall_layers,
          dpeg_slime_entry_corner, uniq_snorg
Orc:1:    layout_diamond_mine
Orc:2:    grunt_orc_cross, layout_caves, basic_altar, led_sif_book, uniq_urug

Skill      XL: |  1  2  3  4  5  6  7  8  9 10 11 12 |
---------------+-------------------------------------+-----
Ice Magic      | 4 5 6 |  6.0
Spellcasting   | 2 3 |  3.0
Fighting       | 1 2 3 4 5 6 9 10 11 | 11.0
Dodging        | 2 4 5 8 10 12 | 12.0
Stealth        | 2 |  2.0
Ranged Weapons | 3 6 8 9 10 | 10.0
Long Blades    | 6 7 |  7.1
Translocations | 2 |  2.0

Action                   |  1- 3 |  4- 6 |  7- 9 | 10-12 || total
-------------------------+-------+-------+-------+-------++-------
Melee: Dagger            |     7 |    41 |       |       ||    48
       Punch             |     1 |       |       |     2 ||     3
       Unarmed           |       |       |    10 |       ||    10
       Falchion          |       |       |     3 |   117 ||   120
 Fire: Shortbow          |       |    32 |   231 |   574 ||   837
 Cast: Freeze            |    72 |    40 |       |       ||   112
       Frozen Ramparts   |       |    19 |    23 |    56 ||    98
       Ozocubu's Armour  |       |    14 |    32 |    84 ||   130
       Blink             |       |       |       |     5 ||     5
Evoke: Wand              |       |       |       |     1 ||     1
  Use: Potion            |       |     1 |     1 |     8 ||    10
       Scroll            |       |     4 |     3 |    18 ||    25
 Stab: Sleeping          |     4 |     2 |       |       ||     6
       Distracted        |       |     1 |       |       ||     1
Armor: Robe              |    11 |    32 |     3 |       ||    46
       Acid dragon scale |       |       |    10 |       ||    10
       Leather armour    |       |       |     3 |       ||     3
       Skin              |       |       |     1 |       ||     1
       Steam dragon scal |       |       |     9 |   109 ||   118
Dodge: Dodged            |    36 |    62 |    60 |   478 ||   636
Block: Other             |       |       |       |   113 ||   113
       Reflection        |       |       |       |     3 ||     3

Table legend: (Time is in decaauts)
 A = Elapsed time spent in this place.
 B = Non-inter-level travel time spent in this place.
 C = Inter-level travel time spent in this place.
 D = Time resting spent in this place.
 E = Time spent auto-exploring this place.
 F = Levels seen in this place.
 G = Mean time per level.
                   A        B        C        D        E       F      G
               +--------+--------+--------+--------+--------+-----+--------+
         Total |  20523 |  17132 |   3391 |   5198 |   7198 |  17 | 1207.2 |
       Dungeon |  14343 |  11582 |   2761 |   3648 |   5016 |  10 | 1434.3 |
        Temple |     56 |     46 |     10 |      0 |      0 |   1 |   56.0 |
          Lair |   4797 |   4218 |    579 |   1289 |   2023 |   4 | 1199.2 |
  Orcish Mines |   1325 |   1285 |     40 |    260 |    158 |   2 |  662.5 |
               +--------+--------+--------+--------+--------+-----+--------+

Top non-repeatable levels by time:
     D:8: 1850 daAuts
     D:6: 1672 daAuts
     D:4: 1641 daAuts
  Lair:1: 1597 daAuts
     D:5: 1484 daAuts
  Lair:3: 1419 daAuts
     D:2: 1391 daAuts
     D:1: 1348 daAuts
    D:10: 1341 daAuts
     D:9: 1256 daAuts
     D:3: 1194 daAuts
     D:7: 1161 daAuts
  Lair:4: 1023 daAuts
  Lair:2: 757 daAuts
   Orc:1: 685 daAuts
